 Dungeon Crawl Stone Soup version 0.29.1-2-gbd0b4ee654 (webtiles) character file.

Game seed: 12542266003292884229

1410 Icepheonix32 the Changer (level 8, -1/59 HPs)
             Began as a Demigod Transmuter on Nov 4, 2022.
             Slain by Pikel
             ... wielding a +2 whip of flaming
              (5 damage)
             ... in the Ecumenical Temple.
             The game lasted 00:10:36 (7457 turns).

Icepheonix32 the Changer (Demigod Transmuter)       Turns: 7457, Time: 00:10:37

Health: -1/59      AC:  2    Str: 15    XL:     8   Next: 19%
Magic:  14/16      EV: 20    Int: 19    God:
Gold:   316        SH:  0    Dex: 19    Spells: 4/14 levels left

rFire   . . .      SeeInvis .     - Unarmed
rCold   . . .      Faith    .   (shield currently unavailable)
rNeg    . . .      Spirit   .   (body armour currently unavailable)
rPois   x          Reflect  .   (helmet currently unavailable)
rElec   .          Harm     .   (cloak currently unavailable)
rCorr   .          Rampage  .   (gloves currently unavailable)
Will    .....                   (boots currently unavailable)
Stlth   ++........              (no amulet)
HPRegen 0.19/turn               (no ring)
MPRegen 0.15/turn               (no ring)

@: spider-form (expiring), wereblooded
A: venomous fangs, tiny, high MP 1, forlorn, divine attributes
a: End Transformation


You were in the Ecumenical Temple.
You were a venomous arachnid creature.
You visited 2 branches of the dungeon, and saw 6 of its levels.

You collected 316 gold pieces.

Inventory:

Hand Weapons
 n - a +2 mace of venom
Missiles
 m - a throwing net
Armour
 a - a +0 robe (melded)
 l - a +0 pair of gloves (melded)
 q - a +2 kite shield
Wands
 g - a wand of iceblast (19)
 j - a wand of mindburst (1)
Scrolls
 o - a scroll of immolation
 p - a scroll of butterflies {unknown}
Potions
 b - a potion of cancellation
 c - 2 potions of flight
 d - 2 potions of curing
 e - a potion of haste
 f - a potion of brilliance {unknown}
 h - a potion of attraction {unknown}
 i - 2 potions of might {unknown}
 k - 4 potions of heal wounds {unknown}


   Skills:
 + Level 1.0 Fighting
 * Level 2.6 Dodging
 + Level 0.3 Stealth
 + Level 3.6 Unarmed Combat
 + Level 3.5 Spellcasting
 * Level 7.4 Transmutations
 * Level 2.1 Ice Magic
 + Level 2.6 Poison Magic
 + Level 0.2 Evocations


You had 4 spell levels left.
You knew the following spells:

 Your Spells              Type           Power      Damage    Failure   Level
a - Beastly Appendage     Tmut           62%        N/A       4%          1
b - Spider Form           Tmut/Pois      22%        N/A       16%         3
c - Wereblood             Tmut           31%        N/A       5%          2
d - Ice Form              Ice/Tmut       21%        N/A       41%         4

Your spell library contained the following spells:

 Spells                   Type           Power      Damage    Failure   Level
 Magic Dart               Conj           12%        1d3       32%         1
 Call Imp                 Summ           3%         N/A       43%         2
 Scorch                   Fire           6%         2d5       43%         2
 Mephitic Cloud           Conj/Pois/Air  6%         N/A       52%         3
 Flame Wave               Conj/Fire      3%         2d5       93%         4
 Summon Cactus Giant      Summ           1%         N/A       100%        6


Dungeon Overview and Level Annotations

Branches:
Dungeon (5/15)             Temple (1/1) D:5

Annotations:
D:5 Prince Ribbit
Temple Pikel


Innate Abilities, Weirdness & Mutations

You are a venomous arachnid creature.
You have poisonous fangs.
You are tiny and dextrous.
Your spellcasting is less reliable in this form.
Your armour is entirely melded.
You are incapable of wielding weapons or throwing items.
You have an increased reservoir of magic. (+10% MP)
You shall have no god before yourself.
Your divine heritage dramatically boosts your attributes as you level up.


Message History

Pikel burns you.
You hit Pikel but do no damage.
Pikel is poisoned.
You kill the white imp!
Prince Ribbit asks, "Just a little smooch?"
Pikel hits you with a +2 whip of flaming!
* * * LOW HITPOINT WARNING * * *
Pikel burns you.
* * * LOW HITPOINT WARNING * * *
Unknown command.
Prince Ribbit blinks!
There is a staircase to the Ecumenical Temple here.
Pikel closely misses you.
You climb downwards.
Welcome back to the Ecumenical Temple!
You hiss as the wereblood boils in your veins!
There is a staircase back to the Dungeon here.
You hit Pikel.
Pikel looks as sick as possible!
Pikel is lightly wounded.
Pikel misses you.
You feel better.
Your transformation is almost over.
Pikel hits you with a +2 whip of flaming.
* * * LOW HITPOINT WARNING * * *
Pikel burns you.
* * * LOW HITPOINT WARNING * * *
Unknown command.
You hit Pikel.
Pikel looks as sick as possible!
Pikel is moderately wounded.
You hiss as the wereblood boils in your veins!
Pikel closely misses you.
You bite Pikel!
Pikel looks as sick as possible!
Pikel is heavily wounded.
Pikel misses you.
You hit Pikel.
Pikel looks as sick as possible!
Pikel is severely wounded.
You hit Pikel.
Pikel is almost dead.
Pikel hits you with a +2 whip of flaming!
* * * LOW HITPOINT WARNING * * *
Pikel burns you.
You die...

################
......Ks.......#
#######..#####.#
#..'..'...#
#..#..#._.#
####..#...# #.##
### #.# #.+ #.#


You could see Pikel (extremely poisoned).

Vanquished Creatures
  Eustachio (D:4)
  Duvessa (D:5)
  An ice beast (D:4)
  An orc warrior (D:5)
  A black bear (D:5)
  A centaur (D:5)
  A phantom (D:5)
  Blork the orc (D:4)
  A gnoll sergeant (D:5)
  A scorpion (D:4)
  Dowan (D:5)
  An orc priest (D:4)
  A hound (D:4)
  2 jellies
  Ijyb (D:4)
  An iguana (D:5)
  3 orc wizards (D:4)
  8 adders
  9 gnolls
  A white imp (D:5)
  An ufetubus (D:5)
  2 worms (D:2)
  4 orcs
  8 ball pythons
  6 bats
  3 endoplasms
  5 giant cockroaches
  5 goblins
  9 hobgoblins
  5 quokkas
  6 frilled lizards
  7 kobolds
  5 rats
104 creatures vanquished.

Vanquished Creatures (others)
  5 fungi (D:4)
  3 toadstools (D:4)
8 creatures vanquished.

Grand Total: 112 creatures vanquished

Notes
Turn   | Place    | Note
-------+----------+-------------------------------------------
     0 | D:1      | Icepheonix32 the Demigod Transmuter began the quest for the
                  | Orb.
     0 | D:1      | Reached XP level 1. HP: 15/15 MP: 5/5
   350 | D:1      | Reached XP level 2. HP: 22/22 MP: 5/7
   447 | D:1      | Reached skill level 2 in Transmutations
   943 | D:1      | Reached skill level 1 in Fighting
  1375 | D:1      | Reached XP level 3. HP: 22/28 MP: 6/8
  1689 | D:1      | Learned a level 3 spell: Spider Form
  1692 | D:1      | Learned a level 2 spell: Wereblood
  3776 | D:3      | Reached XP level 4. HP: 27/35 MP: 10/10
  3777 | D:3      | Reached skill level 3 in Transmutations
  3972 | D:4      | Noticed Blork the orc
  3982 | D:4      | Killed Blork the orc
  3982 | D:4      | Noticed an ice beast
  3983 | D:4      | Reached skill level 1 in Poison Magic
  4181 | D:4      | Reached skill level 4 in Transmutations
  4181 | D:4      | Reached XP level 5. HP: 23/40 MP: 10/12
  4350 | D:4      | HP: 1/40 [ice beast (12)]
  4350 | D:4      | Killed an ice beast
  4653 | D:3      | Learned a level 4 spell: Ice Form
  4669 | D:4      | Noticed Eustachio
  4693 | D:4      | Killed Eustachio
  4694 | D:4      | Reached skill level 5 in Transmutations
  4694 | D:4      | Reached XP level 6. HP: 17/47 MP: 8/13
  4915 | D:4      | Noticed Ijyb
  4935 | D:4      | Killed Ijyb
  5808 | D:4      | Reached XP level 7. HP: 38/52 MP: 9/14
  5814 | D:4      | Reached skill level 1 in Ice Magic
  5965 | D:4      | Reached skill level 6 in Transmutations
  6288 | D:5      | Entered Level 5 of the Dungeon
  6729 | D:5      | Reached skill level 7 in Transmutations
  6746 | D:5      | Noticed Duvessa
  6760 | D:5      | Killed Duvessa
  6760 | D:5      | Noticed Dowan
  6763 | D:5      | Killed Dowan
  7086 | D:5      | Found a staircase to the Ecumenical Temple.
  7098 | D:5      | Reached XP level 8. HP: 59/59 MP: 11/16
  7246 | D:5      | Noticed Pikel
  7261 | Temple   | Entered the Ecumenical Temple
  7443 | D:5      | Noticed Prince Ribbit
  7457 | Temple   | Slain by Pikel

Illustrated notes

Levels and vault maps discovered:
D:1:      heliophobic_arrival_battle_scene, layout_basic,
          hellmonk_ecumenical_altar_lost_god
D:2:      layout_loops_ring, hangedman_decor_push
D:3:      layout_basic, nicolae_overflow_ecumenical_swirl,
          nicolae_gozag_cash_rules_everything_around_me
D:4:      layout_gridville, marbit_many_paths,
          mainiacjoe_overflow_concentric_impassable, minmay_gold_behind_fungi,
          uniq_eustachio, uniq_ijyb, uniq_blork_the_orc
D:5:      layout_layer_cave, temple_statues, sword_in_stone, uniq_pikel,
          uniq_duvessa, uniq_prince_ribbit1
Temple:   bh_familiar_temple

Skill      XL: |  1  2  3  4  5  6  7 |
---------------+----------------------+-----
Spellcasting   | 2 3 |  3.5
Dodging        | 2 |  2.6
Unarmed Combat | 3 |  3.6
Transmutations | 2 4 5 7 |  7.4
Fighting       | 1 |  1.0
Poison Magic   | 1 2 |  2.6
Ice Magic      | 2 |  2.1
Stealth        | |  0.3
Evocations     | |  0.2

Action                   |  1- 3 |  4- 6 |  7- 9 || total
-------------------------+-------+-------+-------++-------
Melee: Unarmed           |   163 |   102 |    83 ||   348
       Punch             |     2 |       |       ||     2
       Kick              |    34 |    15 |     6 ||    55
       Headbutt          |    20 |     8 |     3 ||    31
 Cast: Beastly Appendage |    36 |    11 |     6 ||    53
       Spider Form       |       |     6 |     4 ||    10
       Ice Form          |       |     1 |     3 ||     4
       Wereblood         |       |     3 |     3 ||     6
 Abil: End Transformatio |       |       |     1 ||     1
Evoke: Wand              |     1 |     1 |     8 ||    10
  Use: Potion            |     2 |     1 |     3 ||     6
       Scroll            |     2 |     5 |       ||     7
Armor: Robe              |    44 |     7 |     4 ||    55
       Skin              |     3 |    11 |     7 ||    21
Dodge: Dodged            |    85 |    96 |    68 ||   249
